 Dungeon Crawl Stone Soup version 0.31.0-9-g3a7656b989 (webtiles) character file.

Game seed: 17908177627634482902

12716 Killerpretzel the Nimble (level 11, -3/47 HPs)
             Began as a Felid Conjurer on Jan 30, 2024.
             Was an Initiate of Gozag.
             Slain by an ice beast (6 damage)
             ... summoned by Fannar
             ... on level 11 of the Dungeon.
             The game lasted 01:31:42 (18824 turns).

Killerpretzel the Nimble (Felid Conjurer)          Turns: 18824, Time: 01:31:43

Health: -3/47      AC:  6    Str:  3    XL:     11   Next: 66%
Magic:  1/25       EV: 25    Int: 32    God:    Gozag
Gold:   2025       SH:  0    Dex: 15    Spells: 23/29 levels left
                                        Lives:  0   Deaths: 3

rFire   . . .        (weapon unavailable)
rCold   . . .        (shield unavailable)
rNeg    . . .        (body armour unavailable)
rPois   .            (helmet unavailable)
rElec   .            (cloak unavailable)
rCorr   .            (gloves unavailable)
SInv    +            (boots unavailable)
Will    +....        (no amulet)
Stlth   ++++         h - +4 ring of protection
HPRegen 0.27/turn    a - +6 ring of intelligence
MPRegen 0.19/turn

%: no passive effects
@: no status effects
A: very small, claws 1, fangs 3, see invisible, shaggy fur 2, stealthy paws, no
weapons or thrown items, no armour, multi-lived
a: Renounce Religion, Potion Petition, Call Merchant, Bribe Branch


You were on level 11 of the Dungeon.
You worshipped Gozag.
Gozag was most pleased with you.
You visited 2 branches of the dungeon, and saw 13 of its levels.

You collected 2109 gold pieces.
You paid 84 gold pieces to Gozag.

Inventory:

Jewellery
 a - a +6 ring of intelligence (right paw)
 c - a ring of flight
 e - a ring of ice
 h - a +4 ring of protection (left paw)
 m - an amulet of guardian spirit
 t - a ring of fire
 v - a ring of ice
 x - a +4 ring of protection
 y - a ring of ice
Wands
 w - a wand of paralysis (8)
 B - a wand of polymorph (5)
 D - a wand of mindburst (4)
Scrolls
 b - 4 scrolls of amnesia {unknown}
 g - a scroll of fear {unknown}
 j - 2 scrolls of immolation
 k - 2 scrolls of identify
 l - 3 scrolls of teleportation
 n - a scroll of blinking
 o - a scroll of poison
 r - 4 scrolls of fog
 u - a scroll of silence {unknown}
Potions
 d - a potion of enlightenment {unknown}
 f - a potion of haste {unknown}
 i - a potion of berserk rage
 p - a potion of lignification {unknown}
 s - a potion of attraction
 A - a potion of might {unknown}
 C - a potion of mutation {unknown}
 E - 2 potions of cancellation {unknown}
Miscellaneous
 q - a phantom mirror (inert)


   Skills:
 + Level 13.5 Dodging
 - Level 10.0 Stealth
 + Level 9.6 Spellcasting
 + Level 10.1 Conjurations


You had 23 spell levels left.
You knew the following spells:

 Your Spells              Type           Power      Damage    Failure   Level
a - Magic Dart            Conj           100%       1d8       1%          1
b - Searing Ray           Conj           100%       2d8       1%          2
c - Mephitic Cloud        Conj/Alch/Air  36%        N/A       2%          3

Your spell library contained the following spells:

 Spells                   Type           Power      Damage    Failure   Level
 Dazzling Flash           Conj/Hex       94%        N/A       1%          3
 Ensorcelled Hibernation  Hex/Ice        30%        N/A       4%          2
 Fulminant Prism          Conj/Alch      23%        3d12      4%          4
 Iskenderun's Mystic Bla  Conj/Tloc      47%        2d10      4%          4
 Call Canine Familiar     Summ           15%        N/A       10%         3
 Fugue of the Fallen      Necr           15%        N/A       10%         3
 Sigil of Binding         Hex            15%        N/A       10%         3
 Volatile Blastmotes      Fire/Tloc      30%        2d12      10%         3
 Anguish                  Hex/Necr       7%         N/A       32%         4
 Olgreb's Toxic Radiance  Alch           15%        N/A       32%         4
 Starburst                Conj/Fire      23%        6d8       52%         6
 Curse of Agony           Necr           15%        N/A       65%         5
 Silence                  Hex/Air        7%         N/A       65%         5
 Ozocubu's Refrigeration  Ice            7%         4d9       100%        7
 Discord                  Hex            7%         N/A       100%        8
 Maxwell's Capacitive Co  Air            7%         ∞         100%        8
 Dimensional Bullseye     Hex/Tloc       Unusable   N/A       N/A         4

Dungeon Overview and Level Annotations

Branches:
Dungeon (12/15)            Temple (1/1) D:6            Lair (0/5) D:8
    Orc (0/2) D:10

Altars:
Ashenzari
Cheibriados
Dithmenos
Elyvilon
Fedhas
Gozag
Hepliaklqana
Kikubaaqudgha
Makhleb
Nemelex Xobeh
Okawaru
Qazlal
Ru
Sif Muna
Trog
Uskayaw
Vehumet
Wu Jian
Xom
Yredelemnul
Zin
The Shining One

Shops:
D:1 *

Annotations:
D:5 exclusion: orc priest
D:6 exclusions: iguana and two-headed ogre
D:7 exclusion: downstairs
D:8 exclusions: 3 downstairs and sky beast
D:9 2 exclusions, Gastronok
D:10 exclusion: 2 downstairs
D:11 3 runed translucent doors, exclusions: boulder beetle and manticore, Fannar; goupaloupa's ghost, journeyman HOFi
D:12 exclusions: upstairs, 3 yaks and 1 more exclusion


Innate Abilities, Weirdness & Mutations

You have sharp claws.
You have razor-sharp teeth.
You have supernaturally acute eyesight. (SInv)
You are covered in thick fur. (AC +2)
Your paws help you pounce on unaware monsters.
You are incapable of wielding weapons or throwing items.
You cannot wear armour.
You gain extra lives every three experience levels.


Message History

The ice beast completely misses you.
The searing ray hits Fannar but does no damage.
Fannar is heavily wounded.
Fannar seems less confused.
Fannar misses you. The ice beast closely misses you.
Casting: Searing Ray (safe; 1% risk of failure)
Confirm with . or Enter, or press ? or * to list all spells.
Aiming: Mephitic Cloud (dangerous; 2% risk of failure)
Press: ? - help, Shift-Dir - straight line, p - Fannar The ball explodes into a vile cloud!
The stinking cloud engulfs Fannar.
Fannar is heavily wounded.
Fannar misses you. The ice beast hits you. The ice beast freezes you!
Fannar brushes some snowflakes from their robe.
Fannar mumbles some strange words.
Fannar drains the heat from the surrounding environment!
* * * LOW HITPOINT WARNING * * *
The ice beast attacks as it pursues you!
The ice beast completely misses you.
Casting: Mephitic Cloud (dangerous; 2% risk of failure)
Confirm with . or Enter, or press ? or * to list all spells.
Aiming: Searing Ray (safe; 1% risk of failure)
Press: ? - help, Shift-Dir - straight line, f - ice beast
Aim: an ice beast (almost dead, summoned, 83% to hit)
Okay, then.
Casting: Searing Ray (safe; 1% risk of failure)
Confirm with . or Enter, or press ? or * to list all spells.
Aiming: Mephitic Cloud (dangerous; 2% risk of failure)
Press: ? - help, Shift-Dir - straight line The ball explodes into a vile cloud!
The stinking cloud engulfs Fannar.
Fannar is heavily wounded.
Fannar glares icily.
The ice beast completely misses you.
Fannar is engulfed in noxious fumes.
Fannar mumbles some strange words.
There is an open door here.
The ice beast attacks as it pursues you!
The ice beast hits you.
* * * LOW HITPOINT WARNING * * *
The ice beast freezes you.
You die...
Your body crumbles into a pile of gold.

###.##'#.#...# #.###
#......#...###....
#......'..........
#......#...##.#...
#..........##.#...
#.....##...##.....
#.###............>
#.###..#########..
###@#....#..# #.#..
#...Y.§..#.## #.W#.#
#.#.#.e§○+l..#.$##..
#.#....§☼+x..#.|.#..
#.#....Y§+H#...: #..
####.#......#W#.## .#..
#...........#...# H#..
######.####.#########..
#................#


You could see Fannar, a minotaur, an unseen horror (invisible), a basilisk, 2
ice beasts and goupaloupa's ghost.

Vanquished Creatures
  Erica (D:11)
  A two-headed ogre (D:11)
  A harpy (shapeshifter) (D:12)
  A cyclops (D:12)
  A manticore (D:11)
  2 tengu conjurers (D:10)
  A komodo dragon (D:11)
  5 trolls
  A vampire (D:12)
  A shadow (D:11)
  A wyvern (D:11)
  4 yaks (D:9)
  4 steam dragons (D:8)
  4 vampire mosquitoes (D:12)
  A water moccasin (D:7)
  2 sky beasts
  A swamp drake (D:10)
  4 orc warriors
  5 ice beasts
  2 ogres
  14 centaurs
  A phantom (D:5)
  2 gnoll sergeants
  A scorpion (D:6)
  4 kobold brigands
  A wight (D:8)
  23 killer bees (D:9)
  6 howler monkeys
  5 electric eels (D:11)
  2 jellies
  10 orc priests
  A bombardier beetle (D:6)
  5 hounds
  6 iguanas
  14 orc wizards
  2 sleepcaps (D:6)
  11 gnolls
  11 adders
  A white imp (D:7)
  4 ufetubi (D:6)
  4 ribbon worms
  A dart slug (D:1)
  38 orcs
  3 endoplasms
  6 giant cockroaches
  9 goblins
  7 hobgoblins
  7 jackals
  5 quokkas
  7 ball pythons
  12 bats
  4 frilled lizards
  16 kobolds
  3 rats
289 creatures vanquished.

Vanquished Creatures (collateral kills)
  An anaconda (D:11)
1 creature vanquished.

Vanquished Creatures (others)
  A centaur (D:8)
  A gnoll sergeant (D:8)
  An orc priest (D:8)
  2 orc wizards (D:8)
  A gnoll (D:8)
  An orc (D:9)
7 creatures vanquished.

Grand Total: 297 creatures vanquished

Notes
Turn   | Place    | Note
-------+----------+-------------------------------------------
     0 | D:1      | Killerpretzel the Felid Conjurer began the quest for the
                  | Orb.
     0 | D:1      | Reached XP level 1. HP: 9/9 MP: 4/4
     9 | D:1      | Found Muriosho's General Store.
   375 | D:1      | Reached skill level 3 in Dodging
   375 | D:1      | Reached XP level 2. HP: 13/13 MP: 3/6
  1133 | D:2      | Reached XP level 3. HP: 16/16 MP: 2/7
  1288 | D:2      | Found a white marble altar of Elyvilon.
  1889 | D:3      | Learned a level 2 spell: Searing Ray
  2126 | D:2      | Reached XP level 4. HP: 20/21 MP: 1/8
  2126 | D:2      | Gained a life (2 lives remaining)
  2914 | D:2      | Found a faded altar of an unknown god.
  3102 | D:3      | Reached skill level 4 in Dodging
  3516 | D:3      | Found a burning altar of Makhleb.
  3523 | D:3      | Found a sacrificial altar of Ru.
  3997 | D:4      | Reached XP level 5. HP: 24/24 MP: 4/10
  4174 | D:4      | Killed from afar by an orc priest
  4174 | D:4      | Lost a life (1 life remaining)
  4247 | D:4      | Reached skill level 5 in Stealth
  4247 | D:4      | Gained mutation: You are covered in thick fur. (AC +2)
                  | [Felid growth]
  4247 | D:4      | Reached XP level 6. HP: 28/28 MP: 2/12
  4512 | D:4      | Found a glowing silver altar of Zin.
  4664 | D:4      | Found a hazy altar of Hepliaklqana.
  4688 | D:5      | Entered Level 5 of the Dungeon
  4726 | D:5      | Found a shimmering blue altar of Sif Muna.
  4861 | D:5      | Reached skill level 5 in Dodging
  5078 | D:5      | Reached XP level 7. HP: 32/32 MP: 7/13
  5078 | D:5      | Gained a life (2 lives remaining)
  5128 | D:5      | Found an ancient bone altar of Kikubaaqudgha.
  5146 | D:5      | Reached skill level 5 in Conjurations
  5472 | D:5      | Found a shadowy altar of Dithmenos.
  5761 | D:6      | Reached skill level 6 in Dodging
  6123 | D:6      | Reached XP level 8. HP: 31/36 MP: 5/15
  6348 | D:6      | Found a sparkling altar of Nemelex Xobeh.
  6349 | D:6      | Noticed a two-headed ogre
  6531 | D:6      | Found a glowing golden altar of the Shining One.
  6796 | D:6      | Reached skill level 7 in Dodging
  6926 | D:6      | Reached skill level 5 in Spellcasting
  7114 | D:6      | Found a staircase to the Ecumenical Temple.
  7124 | Temple   | Entered the Ecumenical Temple
  7132 | Temple   | Became a worshipper of Gozag Ym Sagoz the Greedy
  8004 | D:7      | Reached skill level 8 in Dodging
  8094 | D:7      | Reached XP level 9. HP: 8/39 MP: 0/18
  8251 | D:7      | Found a blossoming altar of Fedhas.
  9256 | D:8      | Found a shimmering altar of Xom.
  9732 | D:8      | Reached skill level 9 in Dodging
 10065 | D:8      | Reached skill level 10 in Stealth
 10556 | D:8      | Found a staircase to the Lair.
 10799 | D:9      | Noticed a gargoyle
 11333 | D:9      | Reached skill level 10 in Dodging
 11333 | D:9      | Reached XP level 10. HP: 27/44 MP: 10/21
 11340 | D:9      | HP: 1/44 [yak (9)]
 11722 | D:9      | Found a basalt altar of Yredelemnul.
 11781 | D:9      | Found a broken altar of Ashenzari.
 11906 | D:9      | Noticed Gastronok
 12257 | D:9      | Found a white marble altar of Elyvilon.
 12438 | D:10     | Entered Level 10 of the Dungeon
 12584 | D:10     | Reached skill level 11 in Dodging
 13731 | D:10     | Learned a level 3 spell: Mephitic Cloud
 13788 | D:10     | Found a staircase to the Orcish Mines.
 14638 | D:11     | Noticed a boulder beetle
 14683 | D:11     | Noticed a manticore
 15038 | D:12     | an ice beast changed into a harpy
 15038 | D:12     | Noticed a harpy (shapeshifter)
 15044 | D:12     | Killed a harpy
 15045 | D:12     | Reached skill level 12 in Dodging
 15143 | D:12     | Noticed a cyclops
 15177 | D:12     | Reached XP level 11. HP: 25/47 MP: 7/24
 16748 | D:11     | Noticed Erica
 16992 | D:11     | a boulder beetle changed into an anaconda
 16992 | D:11     | Noticed an anaconda
 16993 | D:11     | HP: 2/47 [anaconda (16)]
 16994 | D:11     | Constricted to death by an anaconda
 16994 | D:11     | Lost a life (1 life remaining)
 17044 | D:11     | Noticed Fannar
 17275 | D:11     | Killed Erica
 17276 | D:11     | Reached skill level 13 in Dodging
 17282 | D:11     | You fall into a shaft and drop 1 floor!
 17484 | D:11     | Noticed goupaloupa's ghost (journeyman HOFi)
 17484 | D:11     | Noticed a minotaur
 17515 | D:11     | Found a runed translucent gate.
 17516 | D:11     | Found a runed translucent gate.
 17517 | D:11     | Found a runed translucent gate.
 17676 | D:11     | HP: 2/47 [constriction (2)]
 17677 | D:11     | Killed an anaconda
 17678 | D:11     | Reached skill level 10 in Conjurations
 18408 | D:11     | Noticed a two-headed ogre
 18440 | D:11     | Killed a two-headed ogre
 18454 | D:11     | Noticed a sun demon
 18468 | D:11     | Demolished by a sun demon
 18468 | D:11     | Lost a life (0 lives remaining)
 18824 | D:11     | Slain by an ice beast

Illustrated notes

Levels and vault maps discovered:
D:1:      dpeg_arrival_tiny_j, layout_loops_ring, serial_shops, shop,
          chequers_serial_rivers_micro_c
D:2:      layout_loops_ring, shapermc_ecumenical_altar_hornbeckon, basic_altar
D:3:      layout_basic, mainiacjoe_overflow_big_doors, minmay_close_crescents
D:4:      layout_basic, worldfamousw_hep_ancestral_shrine, zin_statuary,
          mrwooster_statue_mirror
D:5:      layout_cave_pools, hellmonk_sif_muna_bookshelves,
          nicolae_overflow_crystal_walls, mainiacjoe_overflow_tiny_flanked,
          minmay_puff
D:6:      layout_loops_ring, kennysheep_mini,
          mainiacjoe_overflow_surrounded_room, minmay_temple_entry_grid,
          serial_shops, kennysheep_little_box
D:7:      layout_basic, amcnicky_altar_gilded, enter_bailey_4, minmay_crossroads
D:8:      layout_gridville, xom_confusion_cloud, david_lair_generic
D:9:      layout_roguey [special_room_bee], elyvilon_altar_3,
          grunt_temple_overflow_open, roderic_serpentine_path, uniq_gastronok
D:10:     layout_stronghold, erik_orc_1
D:11:     layout_basic, maelrawn_ghost_gauntlet_escape, uniq_fannar, uniq_erica
D:12:     layout_stronghold
Temple:   nicolae_temple_two_arcs

Skill      XL: |  1  2  3  4  5  6  7  8  9 10 11 |
---------------+----------------------------------+-----
Stealth        | 3 4 5 7 8 10 | 10.0
Dodging        | 3 4 5 6 8 10 12 13 | 13.5
Conjurations   | 4 5 6 7 9 10 | 10.1
Spellcasting   | 3 4 5 7 8 9 |  9.6

Action                     |  1- 3 |  4- 6 |  7- 9 | 10-12 || total
---------------------------+-------+-------+-------+-------++-------
  Melee: Unarmed           |     6 |    20 |     6 |    24 ||    56
         Bite              |     1 |     3 |       |     1 ||     5
   Cast: Magic Dart        |    76 |   155 |   203 |   225 ||   659
         Searing Ray       |     1 |     4 |    67 |   116 ||   188
         Mephitic Cloud    |       |       |       |    43 ||    43
  Evoke: Wand              |       |       |     2 |     5 ||     7
         Phantom mirror    |       |       |       |     1 ||     1
    Use: Potion            |       |     1 |       |     8 ||     9
         Scroll            |       |       |    11 |     2 ||    13
   Stab: Confused          |       |       |       |     1 ||     1
 Armour: Skin              |    12 |    19 |    60 |   117 ||   208
  Dodge: Dodged            |    25 |    30 |   141 |   315 ||   511
